 Dungeon Crawl Stone Soup version 0.31-a0-618-g7ca08c1ff9 (webtiles) character file.

Game seed: 14948125359172834400

30 javelincjr the Conjurer (level 3, -2/24 HPs)
             Began as a Demonspawn Conjurer on Aug 22, 2023.
             Slain by Sigmund
             ... wielding a +0 scythe
              (7 damage)
             ... on level 3 of the Dungeon.
             The game lasted 00:08:03 (2129 turns).

javelincjr the Conjurer (Demonspawn Conjurer)       Turns: 2129, Time: 00:08:04

Health: -2/24      AC:  3    Str:  7    XL:     3   Next: 5%
Magic:  1/6        EV: 12    Int: 21    God:
Gold:   103        SH:  0    Dex: 11    Spells: 0/6 levels left

rFire   . . .        g - +0 dagger
rCold   . . .        (no shield)
rNeg    . . .        o - +1 robe of Qazlal's Favour {Will+}
rPois   .            (no helmet)
rElec   .            (no cloak)
rCorr   .            (no gloves)
SInv    .            (no boots)
Will    +....        (no amulet)
Stlth   ++           n - ring of wizardry
HPRegen 0.24/turn    (no ring)
MPRegen 0.10/turn

%: wizardry (x1)
@: no status effects
A: hooves 2
a: no special abilities


You were on level 3 of the Dungeon.
You visited 1 branch of the dungeon, and saw 3 of its levels.

You collected 103 gold pieces.

Inventory:

Hand Weapons
 g - a +0 dagger (weapon)
Armour
 a - a +0 robe
 l - a +3 ring mail
 o - the +1 robe of Qazlal's Favour (worn) {Will+}
   (You found it on level 3 of the Dungeon)

   Will+:     It increases your willpower.
Jewellery
 i - an amulet of faith
 n - a ring of wizardry (left hand)
Scrolls
 e - 2 scrolls of identify
 f - a scroll of poison
 h - a scroll of teleportation {unknown}
Potions
 d - a potion of mutation {unknown}
 j - a potion of enlightenment {unknown}
 k - a potion of attraction {unknown}
 m - a potion of lignification {unknown}


   Skills:
 + Level 0.0 Armour
 + Level 2.2 Dodging
 + Level 2.2 Stealth
 + Level 2.4 Spellcasting
 + Level 4.2 Conjurations


You couldn't memorise any spells.
You knew the following spells:

 Your Spells              Type           Power      Damage    Failure   Level
a - Magic Dart            Conj           80%        1d7       1%          1
b - Searing Ray           Conj           40%        2d5       1%          2
c - Dazzling Flash        Conj/Hex       22%        N/A       8%          3

Your spell library contained the following spells:

 Spells                   Type           Power      Damage    Failure   Level
 Slow                     Hex            8%         N/A       6%          1
 Confusing Touch          Hex            2%         N/A       16%         3
 Vampiric Draining        Necr           2%         2d6       16%         3
 Fulminant Prism          Conj/Hex       5%         3d7       24%         4
 Iskenderun's Mystic Bla  Conj/Tloc      11%        2d4       24%         4


Dungeon Overview and Level Annotations

Branches:
Dungeon (3/15)

Altars:

Annotations:
D:3 Sigmund


Innate Abilities, Weirdness & Mutations

You have hoof-like feet.


Message History

Sigmund is heavily wounded.
You finish channelling your searing ray.
Sigmund closely misses you.
Casting: Searing Ray (safe; 1% risk of failure)
Confirm with . or Enter, or press ? or * to list all spells.
Aiming: Searing Ray (safe; 1% risk of failure)
Press: ? - help, Shift-Dir - straight line, f/p - Sigmund
Aim: Sigmund, wielding a +0 scythe and wearing a +0 robe (heavily wounded, 75% to hit)
The searing ray misses Sigmund. (Press . to maintain the ray.) Sigmund hits you with a +0 scythe.
You hit Sigmund. Your kick misses Sigmund.
Sigmund is heavily wounded.
You barely miss Sigmund. You kick Sigmund.
Sigmund is severely wounded.
Sigmund misses you.
You closely miss Sigmund.
Sigmund is severely wounded.
Sigmund closely misses you.
You closely miss Sigmund.
Sigmund is severely wounded.
You hit Sigmund.
Sigmund is severely wounded.
Sigmund barely misses you.
You hit Sigmund.
Sigmund is severely wounded.
Sigmund hits you with a +0 scythe!
* * * LOW HITPOINT WARNING * * *
You are too injured to fight recklessly!
As you read the scroll labelled OSOQUI CEAXA, it dissolves into smoke.
It was a scroll of fog.
Sigmund barely misses you.
You see here a frilled lizard corpse.
Okay, then.
As you read the scroll labelled YDE ACORYOSM, it crumbles to dust.
It is a scroll of identify.
f - a scroll of poison Sigmund hits you from afar with a +0 scythe!
You die...
Sigmund begins carving another notch in his scythe.

#...[...#
##.....####
###..#(...###.#
..............#
..##.###.#######
# #....<....##
....#######..#
... ##.## #.@.#
##.### #####§@#
#..§§§###
#.###§§@#
###§§§....#
§§§§....#
.######.!# .. ##


You could see Sigmund.

Vanquished Creatures
  3 ball pythons
  4 bats (D:1)
  An endoplasm (D:1)
  2 giant cockroaches
  3 goblins (D:1)
  2 hobgoblins (D:1)
  3 kobolds
  2 quokkas
  5 frilled lizards
  6 rats
31 creatures vanquished.

Notes
Turn   | Place    | Note
-------+----------+-------------------------------------------
     0 | D:1      | javelincjr the Demonspawn Conjurer began the quest for the
                  | Orb.
     0 | D:1      | Reached XP level 1. HP: 13/13 MP: 3/3
   306 | D:1      | Gained mutation: You have large cloven feet. [demonic
                  | ancestry]
   306 | D:1      | Reached XP level 2. HP: 19/19 MP: 1/5
  1392 | D:2      | Gained mutation: You have hoof-like feet. [demonic
                  | ancestry]
  1392 | D:2      | Reached XP level 3. HP: 24/24 MP: 4/6
  1459 | D:2      | Learned a level 2 spell: Searing Ray
  1574 | D:2      | Found a faded altar of an unknown god.
  2021 | D:3      | Identified the +1 robe of Qazlal's Favour {Will+}
  2096 | D:3      | Noticed Sigmund
  2102 | D:3      | Learned a level 3 spell: Dazzling Flash
  2129 | D:3      | Slain by Sigmund

Illustrated notes

Levels and vault maps discovered:
D:1:      scummos_arrival_simple_fountains, layout_basic
D:2:      wad_lake_hut, layout_rooms, shapermc_ecumenical_altar_mp_ritualfount,
          minmay_misc_feat_doors, minmay_misc_feat_diagonals
D:3:      layout_rooms, nrook_mini_vaults, uniq_sigmund

Skill      XL: |  1 |
---------------+----+-----
Stealth        | 2 |  2.2
Dodging        | 2 |  2.2
Spellcasting   | |  2.4
Conjurations   | |  4.2

Action                     || total
---------------------------++-------
  Melee: Dagger            ||    10
         Kick              ||     2
   Cast: Magic Dart        ||    53
         Searing Ray       ||     3
         Dazzling Flash    ||     1
    Use: Scroll            ||     2
         Potion            ||     1
 Armour: Ring mail         ||     1
  Dodge: Dodged            ||    13

Table legend: (Time is in decaauts)
 A = Elapsed time spent in this place.
 B = Non-inter-level travel time spent in this place.
 C = Inter-level travel time spent in this place.
 D = Time resting spent in this place.
 E = Time spent auto-exploring this place.
 F = Levels seen in this place.
 G = Mean time per level.
                   A        B        C        D        E       F      G
               +--------+--------+--------+--------+--------+-----+--------+
         Total |   2172 |   2050 |    122 |     28 |   1810 |   3 |  724.0 |
       Dungeon |   2172 |   2050 |    122 |     28 |   1810 |   3 |  724.0 |
               +--------+--------+--------+--------+--------+-----+--------+

Top non-repeatable levels by time:
     D:1: 1220 daAuts
     D:2: 825 daAuts
     D:3: 126 daAuts
